PCL
FRESNO GRIZZLIES @ RENO ACES
06/27/2098
 
TOP OF THE 1ST
Fresno Grizzlies batting - Pitching for Reno Aces : LHP Chris Schoch
Pitching: LHP Chris Schoch
Batting: RHB Aaron McNelley 0-0: Called Strike
0-1: Ball
1-1: Foul Ball, location: 9LSF
1-2: SINGLE (Groundball, 3D, EV 106.3 MPH)
Batting: RHB Del Bannerman 0-0: Foul Ball, location: 9LMF
0-1: Ball
1-1: Grounds into double play, 5-4-3 (Groundball, 56, EV 92.5 MPH)
Batting: RHB Bret Payne 0-0: Ball
1-0: Called Strike
1-1: Ball
2-1: Ball
3-1: Foul Ball, location: 2F
3-2: Base on Balls
Batting: RHB Justin Haug 0-0: Swinging Strike
0-1: Called Strike
0-2: Ground out 4-3 (Groundball, 34, EV 101.3 MPH)
Top of the 1st over - 0 runs, 1 hit, 0 errors, 1 left on base; Fresno 0 - Reno 0
BOTTOM OF THE 1ST
Reno Aces batting - Pitching for Fresno Grizzlies : RHP Antenor Palhares
Pitching: RHP Antenor Palhares
Batting: RHB Pat Mancini 0-0: Ball
1-0: Ball
2-0: Ball
3-0: Base on Balls
Batting: RHB Josh Leazer 0-0: Sac Bunt to P - play at first, batter OUT! 1-3
Pat Mancini to second
Batting: RHB Jason Moberg 0-0: Called Strike
0-1: SINGLE (Groundball, 6MS, EV 73.1 MPH) (infield hit)
Pat Mancini to third
Batting: LHB Eric Hamilton 0-0: Ball
1-0: Ball
2-0: Ball
3-0: Called Strike
3-1: Grounds into double play, 4-6-3 (Groundball, 34, EV 81.9 MPH)
Bottom of the 1st over - 0 runs, 1 hit, 0 errors, 1 left on base; Fresno 0 - Reno 0
TOP OF THE 2ND
Fresno Grizzlies batting - Pitching for Reno Aces : LHP Chris Schoch
Batting: RHB Tony Tenesaca 0-0: Foul Ball, location: 2F
0-1: Fly out, F2 (Popup, 23F, EV 92.5 MPH)
Batting: SHB Aaron Bussell 0-0: Called Strike
0-1: Fly out, F7 (Flyball, 78M, EV 88.1 MPH)
Batting: SHB Jason Pierce 0-0: Ball
1-0: Fly out, F8 (Flyball, 8LM, EV 86.9 MPH)
Top of the 2nd over - 0 runs, 0 hits, 0 errors, 0 left on base; Fresno 0 - Reno 0
BOTTOM OF THE 2ND
Reno Aces batting - Pitching for Fresno Grizzlies : RHP Antenor Palhares
Batting: RHB Melvin Ramos 0-0: Ball
1-0: Foul Ball, location: 3F
1-1: Swinging Strike
1-2: Ball
2-2: Ball
3-2: Base on Balls
Batting: LHB Eric Lawrence 0-0: Ball
1-0: Ball
2-0: Foul Ball, location: 5FF
2-1: Ball
3-1: Fly out, F7 (Line Drive, 7, EV 91.9 MPH)
Batting: RHB Eric Adams 0-0: Ball
1-0: SINGLE (Groundball, 34D, EV 100.6 MPH)
Melvin Ramos to second
Runner from 2nd tries for 3rd, SAFE, throw by RF made to third
Batting: RHB Bob Small 0-0: Called Strike
0-1: Ball
1-1: Called Strike
1-2: Ball
2-2: DOUBLE (Groundball, 5L, EV 108.8 MPH)
Melvin Ramos scores
Eric Adams to third
Runner from 3rd tries for Home, SAFE, no throw by LF
Batting: RHB Giovanni Foreman 0-0: Ball
1-0: Swinging Strike
1-1: Ball
2-1: SINGLE (Groundball, 6MD, EV 100.0 MPH)
Bob Small to third
Batting: RHB Pat Mancini 0-0: Ball
1-0: Foul Ball, location: 5FF
1-1: Swinging Strike
1-2: Strikes out swinging
Batting: RHB Josh Leazer 0-0: Ball
1-0: SINGLE (Groundball, 34S, EV 71.9 MPH) (infield hit)
Bob Small scores
Giovanni Foreman to second
Batting: RHB Jason Moberg 0-0: Ball
1-0: Ball
2-0: Fielders Choice at 2nd, 6-4 (Groundball, 6, EV 86.9 MPH)
Bottom of the 2nd over - 3 runs, 4 hits, 0 errors, 2 left on base; Fresno 0 - Reno 3
TOP OF THE 3RD
Fresno Grizzlies batting - Pitching for Reno Aces : LHP Chris Schoch
Batting: RHB Chase Bavaro 0-0: Ball
1-0: Swinging Strike
1-1: Ball
2-1: Foul Ball, location: 2F
2-2: Strikes out swinging
Batting: RHB Michael Harrison 0-0: Ball
1-0: Foul Ball, location: 9LSFF
1-1: Swinging Strike
1-2: Foul Ball, location: 5F
1-2: Ground out 6-3 (Groundball, 56, EV 98.1 MPH)
Batting: RHB Aaron McNelley 0-0: Called Strike
0-1: SINGLE (Line Drive, 78S, EV 103.8 MPH)
Batting: RHB Del Bannerman 0-0: Ball
1-0: Called Strike
1-1: Ground out 1-3 (Groundball, 34S, EV 72.5 MPH)
Top of the 3rd over - 0 runs, 1 hit, 0 errors, 1 left on base; Fresno 0 - Reno 3
BOTTOM OF THE 3RD
Reno Aces batting - Pitching for Fresno Grizzlies : RHP Antenor Palhares
Batting: LHB Eric Hamilton 0-0: Ball
1-0: Called Strike
1-1: SOLO HOME RUN (Flyball, 9D, EV 97.5 MPH), Distance : 398 ft
Batting: RHB Melvin Ramos 0-0: Fly out, F8 (Flyball, 8LS, EV 86.3 MPH)
Batting: LHB Eric Lawrence 0-0: Ball
1-0: Foul Ball, location: 3F
1-1: Swinging Strike
1-2: Ball
2-2: Ball
3-2: Foul Ball, location: 5F
3-2: Fly out, F8 (Flyball, 8RS, EV 95.6 MPH)
Batting: RHB Eric Adams 0-0: Ball
1-0: Swinging Strike
1-1: Swinging Strike
1-2: Ball
2-2: Strikes out looking
Bottom of the 3rd over - 1 run, 1 hit, 0 errors, 0 left on base; Fresno 0 - Reno 4
TOP OF THE 4TH
Fresno Grizzlies batting - Pitching for Reno Aces : LHP Chris Schoch
Batting: RHB Bret Payne 0-0: Ball
1-0: SINGLE (Line Drive, 3D, EV 104.4 MPH)
Batting: RHB Justin Haug 0-0: Called Strike
0-1: Ball
1-1: Ball
2-1: Called Strike
2-2: Ball
3-2: Strikes out swinging
Bret Payne steals 2nd base
Batter strikes out.
Batting: RHB Tony Tenesaca 0-0: Ball
1-0: Foul Ball, location: 23F
1-1: Called Strike
1-2: Fly out, F8 (Flyball, 8LD, EV 88.1 MPH)
Runner from 2nd tags up, SAFE at 3rd with throw by CF
Batting: SHB Aaron Bussell 0-0: Foul Ball, location: 2F
0-1: Swinging Strike
0-2: Ball
1-2: Strikes out looking
Top of the 4th over - 0 runs, 1 hit, 0 errors, 1 left on base; Fresno 0 - Reno 4
BOTTOM OF THE 4TH
Reno Aces batting - Pitching for Fresno Grizzlies : RHP Antenor Palhares
Batting: RHB Bob Small 0-0: Called Strike
0-1: Ball
1-1: Swinging Strike
1-2: Strikes out swinging
Batting: RHB Giovanni Foreman 0-0: Called Strike
0-1: SINGLE (Groundball, 6MD, EV 103.1 MPH)
Batting: RHB Pat Mancini 0-0: Ball
1-0: Called Strike
1-1: Called Strike
1-2: Ball
2-2: Foul Ball, location: 2F
2-2: Fielders Choice at 2nd, 6-4 (Groundball, 6, EV 97.5 MPH)
Batting: RHB Josh Leazer 0-0: Called Strike
0-1: Fly out, F9 (Flyball, 9D, EV 80.6 MPH)
Bottom of the 4th over - 0 runs, 1 hit, 0 errors, 1 left on base; Fresno 0 - Reno 4
TOP OF THE 5TH
Fresno Grizzlies batting - Pitching for Reno Aces : LHP Chris Schoch
Now at C: Jim Unknown
Batting: SHB Jason Pierce 0-0: Swinging Strike
0-1: Foul Ball, location: 23F
0-2: Fly out, F8 (Flyball, 89M, EV 93.8 MPH)
Batting: RHB Chase Bavaro 0-0: Called Strike
0-1: Ground out 5-3 (Groundball, 5S, EV 83.8 MPH)
Batting: RHB Michael Harrison 0-0: Ball
1-0: SINGLE (Line Drive, 7S, EV 105.6 MPH)
Batting: RHB Aaron McNelley 0-0: Called Strike
0-1: Ball
1-1: Swinging Strike
1-2: Ball
2-2: Ball
3-2: Foul Ball, location: 5FF
3-2: Base on Balls
Michael Harrison to second
Batting: RHB Del Bannerman 0-0: Ball
1-0: Foul Ball, location: 9LDF
1-1: Hit by Pitch
Michael Harrison to third
Aaron McNelley to second
Batting: RHB Bret Payne 0-0: Ball
1-0: Foul Ball, location: 3FF
1-1: Ball
2-1: DOUBLE (Flyball, 8LD, EV 95.0 MPH)
Michael Harrison scores
Aaron McNelley scores
Del Bannerman to third
Runner from 3rd tries for Home, SAFE, no throw by CF
Batting: RHB Justin Haug 0-0: Ball
1-0: SINGLE (Line Drive, 4MD, EV 107.5 MPH)
Bret Payne to third
Runner from 3rd tries for Home, SAFE, throw by CF to home
Batting: RHB Tony Tenesaca 0-0: Ball
1-0: Foul Ball, location: 2F
1-1: Ball
2-1: Foul Ball, location: 2F
2-2: Foul Ball, location: 23F
2-2: Foul Ball, location: 9LMF
2-2: Fly out, F9 (Flyball, 89S, EV 82.5 MPH)
Top of the 5th over - 4 runs, 3 hits, 0 errors, 1 left on base; Fresno 4 - Reno 4
BOTTOM OF THE 5TH
Reno Aces batting - Pitching for Fresno Grizzlies : RHP Antenor Palhares
Batting: RHB Jason Moberg 0-0: Ball
1-0: Swinging Strike
1-1: Foul Ball, location: 2F
1-2: Foul Ball, location: 5DF
1-2: Foul Ball, location: 2F
1-2: Strikes out swinging
Batting: LHB Eric Hamilton 0-0: Ball
1-0: Ball
2-0: Foul Ball, location: 5SF
2-1: Foul Ball, location: 7LDF
2-2: Strikes out swinging
Batting: RHB Melvin Ramos 0-0: Fly out, F6 (Popup, 56D, EV 53.1 MPH)
Bottom of the 5th over - 0 runs, 0 hits, 0 errors, 0 left on base; Fresno 4 - Reno 4
TOP OF THE 6TH
Fresno Grizzlies batting - Pitching for Reno Aces : LHP Chris Schoch
Batting: SHB Aaron Bussell 0-0: Ball
1-0: Fly out, F3 (Line Drive, 3, EV 73.1 MPH)
Batting: SHB Jason Pierce 0-0: Called Strike
0-1: Ball
1-1: SINGLE (Line Drive, 56D, EV 100.6 MPH)
Batting: RHB Chase Bavaro 0-0: Ball
1-0: Called Strike
1-1: SINGLE (Groundball, 6MD, EV 101.3 MPH)
Jason Pierce to second
Batting: RHB Michael Harrison 0-0: Ball
1-0: Ball
2-0: Called Strike
2-1: Fly out, F7 (Flyball, 7S, EV 95.0 MPH)
Batting: RHB Aaron McNelley 0-0: Ball
1-0: Ball
2-0: Ball
3-0: Base on Balls
Jason Pierce to third
Chase Bavaro to second
Batting: RHB Del Bannerman 0-0: Fly out, F8 (Line Drive, 78M, EV 89.4 MPH)
Top of the 6th over - 0 runs, 2 hits, 0 errors, 3 left on base; Fresno 4 - Reno 4
BOTTOM OF THE 6TH
Reno Aces batting - Pitching for Fresno Grizzlies : RHP Antenor Palhares
Batting: LHB Eric Lawrence 0-0: Called Strike
0-1: Foul Ball, location: 7LDF
0-2: Strikes out swinging
Batting: RHB Eric Adams 0-0: Ball
1-0: Ball
2-0: Called Strike
2-1: Foul Ball, location: 9LDF
2-2: Strikes out swinging
Batting: RHB Bob Small 0-0: Fly out, F5 (Popup, 56S, EV 68.8 MPH)
Bottom of the 6th over - 0 runs, 0 hits, 0 errors, 0 left on base; Fresno 4 - Reno 4
TOP OF THE 7TH
Fresno Grizzlies batting - Pitching for Reno Aces : LHP Chris Schoch
Batting: RHB Bret Payne 0-0: Ball
1-0: Swinging Strike
1-1: Foul Ball, location: 7LSF
1-2: Ground out 6-3 (Groundball, 6, EV 108.8 MPH)
Batting: RHB Justin Haug 0-0: Ball
1-0: Ball
2-0: Called Strike
2-1: Ground out 6-3 (Groundball, 6, EV 85.6 MPH)
Batting: RHB Tony Tenesaca 0-0: Ball
1-0: Ball
2-0: Called Strike
2-1: SINGLE (Groundball, 34D, EV 99.4 MPH)
Pitching: LHP Jim Unknown
Batting: SHB Aaron Bussell 0-0: Foul Ball, location: 2F
0-1: Fly out, F2 (Popup, 25F, EV 81.3 MPH)
Top of the 7th over - 0 runs, 1 hit, 0 errors, 1 left on base; Fresno 4 - Reno 4
BOTTOM OF THE 7TH
Reno Aces batting - Pitching for Fresno Grizzlies : RHP Antenor Palhares
Batting: RHB Jim Unknown 0-0: Called Strike
0-1: Ball
1-1: Ball
2-1: Fly out, F4 (Popup, 34, EV 57.5 MPH)
Batting: RHB Pat Mancini 0-0: Called Strike
0-1: Swinging Strike
0-2: Ball
1-2: Foul Ball, location: 2F
1-2: Ball
2-2: Strikes out swinging
Batting: RHB Josh Leazer 0-0: Ball
1-0: Fly out, F8 (Flyball, 8LM, EV 92.5 MPH)
Bottom of the 7th over - 0 runs, 0 hits, 0 errors, 0 left on base; Fresno 4 - Reno 4
TOP OF THE 8TH
Fresno Grizzlies batting - Pitching for Reno Aces : LHP Jim Unknown
Batting: SHB Jason Pierce 0-0: Swinging Strike
0-1: Foul Ball, location: 9LMF
0-2: Ground out 5-3 (Groundball, 56S, EV 86.9 MPH)
Batting: RHB Chase Bavaro 0-0: Ground out 6-3 (Groundball, 6, EV 111.3 MPH)
Batting: RHB Michael Harrison 0-0: Ball
1-0: Ball
2-0: Called Strike
2-1: Ball
3-1: Foul Ball, location: 23FF
3-2: Foul Ball, location: 9LDF
3-2: Base on Balls
Batting: RHB Aaron McNelley 0-0: Ball
1-0: Ball
2-0: Ball
3-0: Base on Balls
Michael Harrison to second
Batting: RHB Del Bannerman 0-0: Ball
1-0: TRIPLE (Flyball, 9LD, EV 92.5 MPH)
Michael Harrison scores
Aaron McNelley scores
Batting: RHB Bret Payne 0-0: Called Strike
0-1: Foul Ball, location: 2F
0-2: Ball
1-2: Foul Ball, location: 2F
1-2: Strikes out swinging
Top of the 8th over - 2 runs, 1 hit, 0 errors, 1 left on base; Fresno 6 - Reno 4
BOTTOM OF THE 8TH
Reno Aces batting - Pitching for Fresno Grizzlies : RHP Antenor Palhares
Pitching: RHP Gene Kaiser
Now at 1B: Evan Duncan
Batting: RHB Jason Moberg 0-0: Ball
1-0: Ground out 4-3 (Groundball, 4, EV 106.3 MPH)
Batting: LHB Eric Hamilton 0-0: Foul Ball, location: 2F
0-1: Ball
1-1: Ball
2-1: Swinging Strike
2-2: Ball
3-2: SOLO HOME RUN (Flyball, 9D, EV 99.4 MPH), Distance : 392 ft
Batting: RHB Melvin Ramos 0-0: Ball
1-0: Called Strike
1-1: Foul Ball, location: 25F
1-2: Ball
2-2: Fly out, F8 (Flyball, 8LS, EV 85.0 MPH)
Batting: LHB Eric Lawrence 0-0: Swinging Strike
0-1: Ball
1-1: Called Strike
1-2: Ball
2-2: Ball
3-2: Foul Ball, location: 2F
3-2: Base on Balls
Batting: RHB Eric Adams 0-0: Fly out, F8 (Flyball, 8LD, EV 93.8 MPH)
Bottom of the 8th over - 1 run, 1 hit, 0 errors, 1 left on base; Fresno 6 - Reno 5
TOP OF THE 9TH
Fresno Grizzlies batting - Pitching for Reno Aces : LHP Jim Unknown
Batting: RHB Justin Haug 0-0: DOUBLE (Groundball, 5L, EV 100.0 MPH)
Batting: RHB Tony Tenesaca 0-0: Intentional Walk
Batting: SHB Aaron Bussell 0-0: SINGLE (Groundball, 4S, EV 70.6 MPH) (infield hit)
Justin Haug to third
Tony Tenesaca to second
Batting: SHB Jason Pierce 0-0: Ball
1-0: Called Strike
1-1: Swinging Strike
1-2: Ball
2-2: Strikes out swinging
Batting: RHB Chase Bavaro 0-0: Ball
1-0: Ball
2-0: Swinging Strike
2-1: Ball
3-1: Base on Balls
Justin Haug scores
Tony Tenesaca to third
Aaron Bussell to second
Batting: RHB Michael Harrison 0-0: Swinging Strike
0-1: Ball
1-1: Ball
2-1: SINGLE (Line Drive, 4D, EV 106.3 MPH)
Tony Tenesaca scores
Aaron Bussell to third
Chase Bavaro to second
Pitching: LHP Jim Unknown
Batting: RHB Evan Duncan 0-0: Called Strike
0-1: Swinging Strike
0-2: SINGLE (Groundball, 4, EV 96.9 MPH) (infield hit)
Aaron Bussell scores
Chase Bavaro to third
Michael Harrison to second
Batting: RHB Del Bannerman 0-0: Ball
Wild Pitch!
Chase Bavaro scores
Michael Harrison to third
Evan Duncan to second
1-0: Called Strike
1-1: Foul Ball, location: 2RF
1-2: Foul Ball, location: 2F
1-2: Ball
2-2: Ground out U3 (Groundball, 23, EV 91.9 MPH)
Batting: RHB Bret Payne 0-0: Ball
1-0: Foul Ball, location: 25F
1-1: Ball
2-1: Fly out, F8 (Flyball, 8LD, EV 86.9 MPH)
Top of the 9th over - 4 runs, 4 hits, 0 errors, 2 left on base; Fresno 10 - Reno 5
BOTTOM OF THE 9TH
Reno Aces batting - Pitching for Fresno Grizzlies : RHP Gene Kaiser
Batting: RHB Bob Small 0-0: Ground out 6-3 (Groundball, 6, EV 83.8 MPH)
Pinch Hitting: LHB Jim Unknown 0-0: Foul Ball, location: 2F
0-1: Swinging Strike
0-2: SINGLE (Line Drive, 9S, EV 103.1 MPH)
Batting: RHB Pat Mancini 0-0: Ball
1-0: Foul Ball, location: 3FF
1-1: Grounds into double play, 1-6-3 (Groundball, 23, EV 60.0 MPH)
Bottom of the 9th over - 0 runs, 1 hit, 0 errors, 0 left on base; Fresno 10 - Reno 5
Monday, April 8th , 2024 - OOTP Baseball 24.11 Build 85